Demolitions vs Gangsters
Created - 15 mai 2013 at 23:13
Goals
|
| Demolitions |
0 |
1 |
0 |
1 |
| Gangsters |
1 |
7 |
0 |
8 |
|
Shots
|
| Demolitions |
13 |
9 |
7 |
29 |
| Gangsters |
7 |
24 |
12 |
43 |
|
1st period
1. Gangsters , Igor Radulov 30 (Matt Read, Alexandre Bolduc) at 4:52
Penalties :
Ryan Jones (Bro) for High sticking (Minor) at 12:01, Masi Marjamaki (Vic) for Tripping (Minor) at 19:49
2nd period
2. Gangsters , Tim Jackman 35 (Byron Ritchie, Jaroslav Balastik) at 0:24 (PP)
3. Gangsters , Tim Jackman 36 (Jaroslav Balastik, Byron Ritchie) at 0:51 (PP)
4. Gangsters , Ryan Jones 11 (Staffan Kronwall) at 2:44
5. Gangsters , Tim Jackman 37 (Jaroslav Balastik, Byron Ritchie) at 5:43
6. Gangsters , Chris Bourque 16 (Mike Commodore) at 6:36
7. Demolitions , Troy Brouwer 29 (Jeremy Williams, Brad Richardson) at 11:55 (PP)
8. Gangsters , Jaroslav Balastik 59 (Tim Jackman) at 15:09
9. Gangsters , Chris Bourque 17 (Ryan Keller, Igor Radulov) at 16:12
Penalties :
Troy Brouwer (Vic) for Hooking (Minor) at 0:29, Dennis Seidenberg (Vic) for Interference (Minor) at 3:12, Tim Jackman (Bro) for Cross-checking (Minor) at 6:39, Troy Brouwer (Vic) for Roughing (Minor) at 6:46, Chris Bourque (Bro) for Diving (Minor) at 10:36, Janne Niskala (Vic) for Diving (Minor) at 17:58
3rd period
No Goal
Penalties :
No Penalty
Goalie Stats
Antero Niittymaki (Vic), 30 saves from 34 shots - (0,882), L, 30-25-3, 46:32 minutes
Sergei Bobrovsky (Vic), 5 saves from 9 shots - (0,556), 13:28 minutes
Steve Valiquette (Bro), 28 saves from 29 shots - (0,966), W, 34-20-4, 60:00 minutes
Players Stats for Demolitions
Player Name G A P +/- PIM S H SB GA TA FO MP PP MP PK MP
------------------------------------------------------------------------------------
Anssi Salmela 0 0 0 -1 0 0 1 0 0 0 0/0 10:52 0:02 0:00
Anthony Stewart 0 0 0 0 0 1 1 0 0 1 3/3 16:45 0:57 1:18
Anton Babchuk 0 0 0 -4 0 1 0 1 0 0 0/0 19:46 0:55 0:46
Brad Richardson 0 1 1 0 0 6 2 0 2 2 20/44 22:54 2:26 3:35
Brandon Bochenski 0 0 0 -5 0 2 1 0 2 1 0/0 12:12 0:02 0:00
Dennis Seidenberg 0 0 0 -1 2 1 4 2 0 2 0/0 25:43 2:30 2:31
James Sheppard 0 0 0 -5 0 0 1 0 0 0 3/6 12:02 0:00 0:14
Janne Niskala 0 0 0 -1 2 3 1 4 0 2 0/0 27:55 2:30 2:49
Jeremy Williams 0 1 1 0 0 3 2 0 1 0 0/1 22:49 2:26 3:30
Josh Beaulieu 0 0 0 -1 0 0 1 0 0 0 0/0 8:09 0:00 0:09
Kyle Wharton 0 0 0 -1 0 0 1 4 0 0 0/0 14:03 0:00 3:12
Marc-André Bernier 0 0 0 -1 0 0 3 0 0 0 1/1 8:42 0:02 0:00
Masi Marjamaki 0 0 0 0 2 1 1 0 0 0 0/0 14:58 0:57 0:00
Robert Bortuzzo 0 0 0 0 0 0 1 0 0 0 0/0 2:03 0:00 0:00
Robert Klinkhammer 0 0 0 -5 0 1 0 0 0 0 0/2 11:30 0:00 0:00
Ryan Craig 0 0 0 0 0 4 0 1 1 0 8/13 16:45 0:57 1:18
Taylor Chorney 0 0 0 -4 0 3 1 0 0 1 0/0 19:46 0:55 0:46
Troy Brouwer 1 0 1 0 4 3 0 0 0 0 0/0 18:07 2:25 0:00
Vince Rocco 0 0 0 -1 0 0 1 0 0 0 1/3 8:00 0:00 0:00
Players Stats for Gangsters
Player Name G A P +/- PIM S H SB GA TA FO MP PP MP PK MP
------------------------------------------------------------------------------------
Alexandre Bolduc 0 1 1 1 0 1 2 0 1 0 5/10 15:34 1:34 0:26
Alexei Emelin 0 0 0 1 0 1 0 1 0 0 0/0 9:15 0:00 0:00
Artem Anisimov 0 0 0 2 0 0 0 0 1 2 4/8 10:23 0:00 0:00
Ben Holmstrom 0 0 0 0 0 0 0 0 0 0 0/0 0:00 0:00 0:00
Brock Bradford 0 0 0 1 0 1 0 1 0 0 3/7 9:07 0:00 0:00
Bryan Young 0 0 0 0 0 0 0 0 0 0 0/0 0:00 0:00 0:00
Byron Ritchie 0 3 3 2 0 5 0 0 0 2 21/40 22:50 3:25 1:51
Chris Bourque 2 0 2 2 2 4 0 0 2 0 0/0 11:27 0:00 0:26
Cory Murphy 0 0 0 2 0 2 0 2 1 0 0/0 26:06 3:26 1:42
Igor Radulov 1 1 2 1 0 5 0 0 2 0 0/0 16:42 1:37 1:08
Jaroslav Balastik 1 3 4 2 0 6 0 1 1 0 3/4 22:43 3:25 1:51
Jim Vandermeer 0 0 0 1 0 0 0 1 0 0 0/0 5:37 0:00 0:00
Josh Gorges 0 0 0 2 0 3 1 4 0 0 0/0 26:06 3:26 1:42
Matt Read 0 1 1 1 0 0 3 1 0 0 0/0 14:48 1:34 0:00
Mike Commodore 0 1 1 2 0 0 0 1 0 0 0/0 19:02 1:36 1:43
Mikko Lehtonen 0 0 0 0 0 0 0 0 0 0 0/0 0:00 0:00 0:00
Nick Foligno 0 0 0 1 0 1 1 1 0 1 0/0 9:07 0:00 0:00
Ryan Jones 1 0 1 1 2 4 0 1 0 0 0/0 10:07 0:03 0:11
Ryan Keller 0 1 1 2 0 1 0 1 0 1 0/0 10:51 0:00 0:00
Shaun Heska 0 0 0 1 0 0 0 0 0 0 0/0 5:37 0:00 0:00
Staffan Kronwall 0 1 1 2 0 1 1 5 1 0 0/0 19:02 1:36 1:43
Tim Jackman 3 1 4 2 2 7 1 1 0 0 1/4 21:01 3:28 0:57
Ville Koistinen 0 0 0 1 0 1 0 0 0 0 0/0 9:15 0:00 0:00
3 Stars
1 - Tim Jackman (Bro)
2 - Jaroslav Balastik (Bro)
3 - Chris Bourque (Bro)
Power Play
Demolitions - 1 on 3 Attempt(s) - 33,33%
Gangsters - 2 on 5 Attempt(s) - 40,00%
Penalty Kill
Demolitions - 3 on 5 Attempt(s) - 60,00%
- Score 0 goal in Penalty Kill
Gangsters - 2 on 3 Attempt(s) - 66,67%
- Score 0 goal in Penalty Kill
Official
Referees : LaRue Dennis and Kimmerly Greg
Linesman : Steve Miller and Vaughan Rody
Game Notes
Sergei Bobrovsky enters game at 2:44 of 2nd period
Tim Jackman has scored a Hat Trick!
Antero Niittymaki enters game at 16:12 of 2nd period
Demolitions
5 vs 5 Forward
Center Left Wing Right Wing Time % Phy DF OF
1 Brad Richardson Troy Brouwer Jeremy Williams 40 1 2 2
2 Ryan Craig Masi Marjamaki Anthony Stewart 30 1 2 2
3 James Sheppard Robert Klinkhammer Brandon Bochenski 20 1 2 2
4 Vince Rocco Josh Beaulieu Marc-André Bernier 10 1 2 2
5 vs 5 Defense
Defense Defense Time % Phy DF OF
1 Janne Niskala Dennis Seidenberg 40 1 2 2
2 Anton Babchuk Taylor Chorney 30 1 2 2
3 Anssi Salmela Kyle Wharton 20 1 2 2
4 Robert Bortuzzo Janne Niskala 10 1 2 2
PowerPlay Forward
Center Left Wing Right Wing Time % Phy DF OF
1 Brad Richardson Troy Brouwer Jeremy Williams 60 1 2 2
2 Ryan Craig Masi Marjamaki Anthony Stewart 40 1 2 2
PowerPlay Defense
Defense Defense Time % Phy DF OF
1 Janne Niskala Dennis Seidenberg 60 1 2 2
2 Anton Babchuk Taylor Chorney 40 1 2 2
Penalty Kill 4 Players Forward
Center Wing Time % Phy DF OF
1 Brad Richardson Jeremy Williams 60 1 2 2
2 Anthony Stewart Ryan Craig 40 1 2 2
Penalty Kill 4 Players Defense
Defense Defense Time % Phy DF OF
1 Janne Niskala Dennis Seidenberg 60 1 2 2
2 Anton Babchuk Taylor Chorney 40 1 2 2
Penalty Kill - 3 Players Forward
Forward Time % Phy DF OF
1 Brad Richardson 60 1 2 2
2 Jeremy Williams 40 1 2 2
Penalty Kill - 3 Players Defense
Defense Defense Time % Phy DF OF
1 Janne Niskala Dennis Seidenberg 60 1 2 2
2 Anton Babchuk Taylor Chorney 40 1 2 2
4 vs 4 Forward
Center Wing Time % Phy DF OF
1 Brad Richardson Jeremy Williams 60 1 2 2
2 Anthony Stewart Ryan Craig 40 1 2 2
4 vs 4 Defense
Defense Defense Time % Phy DF OF
1 Janne Niskala Dennis Seidenberg 60 1 2 2
2 Anton Babchuk Taylor Chorney 40 1 2 2
Last Minutes Offensive
Center Left Wing Right Wing Defense Defense
Brad Richardson Troy Brouwer Jeremy Williams Janne Niskala Dennis Seidenberg
Last Minutes Defensive
Center Left Wing Right Wing Defense Defense
Brad Richardson Troy Brouwer Jeremy Williams Janne Niskala Dennis Seidenberg
Goaltenders
Starting : Antero Niittymaki
Backup : Sergei Bobrovsky
Extra Forwards
Normal : Brandon Bochenski, Marc-André Bernier, James Sheppard - PP : Brandon Bochenski, Marc-André Bernier - PK : James Sheppard
Extra Defensemen
Normal : Anssi Salmela, Kyle Wharton, Robert Bortuzzo - PP : Anssi Salmela - PK : Kyle Wharton, Robert Bortuzzo
Penalty Shots
Brad Richardson, Jeremy Williams, Anthony Stewart, Ryan Craig, Brandon Bochenski
Gangsters
5 vs 5 Forward
Center Left Wing Right Wing Time % Phy DF OF
1 Byron Ritchie Jaroslav Balastik Tim Jackman 40 1 2 2
2 Alexandre Bolduc Igor Radulov Matt Read 30 1 2 2
3 Artem Anisimov Chris Bourque Ryan Keller 20 1 2 2
4 Brock Bradford Nick Foligno Ryan Jones 10 1 2 2
5 vs 5 Defense
Defense Defense Time % Phy DF OF
1 Cory Murphy Josh Gorges 40 1 2 2
2 Staffan Kronwall Mike Commodore 30 1 2 2
3 Alexei Emelin Ville Koistinen 20 1 2 2
4 Jim Vandermeer Shaun Heska 10 1 2 2
PowerPlay Forward
Center Left Wing Right Wing Time % Phy DF OF
1 Byron Ritchie Jaroslav Balastik Tim Jackman 60 1 2 2
2 Alexandre Bolduc Igor Radulov Matt Read 40 1 2 2
PowerPlay Defense
Defense Defense Time % Phy DF OF
1 Cory Murphy Josh Gorges 60 1 2 2
2 Staffan Kronwall Mike Commodore 40 1 2 2
Penalty Kill 4 Players Forward
Center Wing Time % Phy DF OF
1 Byron Ritchie Jaroslav Balastik 60 1 2 2
2 Tim Jackman Igor Radulov 40 1 2 2
Penalty Kill 4 Players Defense
Defense Defense Time % Phy DF OF
1 Cory Murphy Josh Gorges 60 1 2 2
2 Staffan Kronwall Mike Commodore 40 1 2 2
Penalty Kill - 3 Players Forward
Forward Time % Phy DF OF
1 Byron Ritchie 60 1 2 2
2 Jaroslav Balastik 40 1 2 2
Penalty Kill - 3 Players Defense
Defense Defense Time % Phy DF OF
1 Cory Murphy Josh Gorges 60 1 2 2
2 Staffan Kronwall Mike Commodore 40 1 2 2
4 vs 4 Forward
Center Wing Time % Phy DF OF
1 Byron Ritchie Jaroslav Balastik 60 1 2 2
2 Tim Jackman Igor Radulov 40 1 2 2
4 vs 4 Defense
Defense Defense Time % Phy DF OF
1 Cory Murphy Josh Gorges 60 1 2 2
2 Staffan Kronwall Mike Commodore 40 1 2 2
Last Minutes Offensive
Center Left Wing Right Wing Defense Defense
Byron Ritchie Jaroslav Balastik Tim Jackman Cory Murphy Josh Gorges
Last Minutes Defensive
Center Left Wing Right Wing Defense Defense
Byron Ritchie Jaroslav Balastik Tim Jackman Cory Murphy Josh Gorges
Goaltenders
Starting : Steve Valiquette
Backup : David LeNeveu
Extra Forwards
Normal : Ryan Keller, Chris Bourque, Ryan Jones - PP : Ryan Keller, Chris Bourque - PK : Ryan Jones
Extra Defensemen
Normal : Alexei Emelin, Ville Koistinen, Jim Vandermeer - PP : Alexei Emelin - PK : Ville Koistinen, Jim Vandermeer
Penalty Shots
Byron Ritchie, Jaroslav Balastik, Tim Jackman, Igor Radulov, Matt Read
% Time on Ice - Demolitions
Lines # - Real PCT - Wanted PCT - Time Play
Normal Forward
1 - 32% - 40% - 16:03
2 - 28% - 30% - 14:08
3 - 23% - 20% - 11:30
4 - 16% - 10% - 8:00
Normal Defense
1 - 39% - 40% - 19:27
2 - 35% - 30% - 17:22
3 - 22% - 20% - 10:49
4 - 4% - 10% - 2:03
PP Forward
1 - 72% - 60% - 2:28
2 - 28% - 40% - 0:57
PP Defense
1 - 73% - 60% - 2:30
2 - 27% - 40% - 0:55
PK Forward
1 - 74% - 60% - 3:44
2 - 26% - 40% - 1:18
PK Defense
1 - 85% - 60% - 4:16
2 - 15% - 40% - 0:46
PK3 Forward
1 - 0% - 60%
2 - 0% - 40%
PK3 Defense
1 - 0% - 60%
2 - 0% - 40%
44 Forward
1 - 80% - 60% - 1:30
2 - 20% - 40% - 0:22
44 Defense
1 - 62% - 60% - 1:09
2 - 38% - 40% - 0:43
Last Minute Offensive - 0:00
Last Minute Defensive - 0:00
Total
Forward - 60:00
Defense - 60:00
|
% Time on Ice - Gangsters
Lines # - Real PCT - Wanted PCT - Time Play
Normal Forward
1 - 34% - 40% - 16:57
2 - 27% - 30% - 13:14
3 - 21% - 20% - 10:23
4 - 18% - 10% - 9:07
Normal Defense
1 - 40% - 40% - 19:40
2 - 30% - 30% - 15:09
3 - 19% - 20% - 9:15
4 - 11% - 10% - 5:37
PP Forward
1 - 68% - 60% - 3:25
2 - 32% - 40% - 1:37
PP Defense
1 - 68% - 60% - 3:26
2 - 32% - 40% - 1:36
PK Forward
1 - 72% - 60% - 2:28
2 - 28% - 40% - 0:57
PK Defense
1 - 50% - 60% - 1:42
2 - 50% - 40% - 1:43
PK3 Forward
1 - 0% - 60%
2 - 0% - 40%
PK3 Defense
1 - 0% - 60%
2 - 0% - 40%
44 Forward
1 - 62% - 60% - 1:09
2 - 38% - 40% - 0:43
44 Defense
1 - 70% - 60% - 1:18
2 - 30% - 40% - 0:34
Last Minute Offensive - 0:00
Last Minute Defensive - 0:00
Total
Forward - 60:00
Defense - 60:00
|
Play by Play
1st period
0:01 of 1st period - Byron Ritchie wins face-off versus Brad Richardson in neutral zone.
0:09 of 1st period - Icing by Jeremy Williams.
0:10 of 1st period - Brad Richardson wins face-off versus Byron Ritchie in Demolitions zone.
0:31 of 1st period - Slapshot by Tim Jackman.
0:31 of 1st period - Stopped by Antero Niittymaki without a rebound.
0:32 of 1st period - Ryan Craig wins face-off versus Alexandre Bolduc in Demolitions zone.
0:52 of 1st period - Taylor Chorney is hit by Alexandre Bolduc and loses puck.
1:07 of 1st period - Slapshot by Brandon Bochenski.
1:07 of 1st period - Shot Misses the Net.
1:09 of 1st period - Slapshot by Anton Babchuk.
1:09 of 1st period - Stopped by Steve Valiquette with a rebound.
1:11 of 1st period - Snap shot by Taylor Chorney.
1:11 of 1st period - Deflect By Mike Commodore.
1:11 of 1st period - Stopped by Steve Valiquette without a rebound.
1:12 of 1st period - Brock Bradford wins face-off versus Vince Rocco in Gangsters zone.
1:12 of 1st period - Brock Bradford is hit by Marc-André Bernier.
1:20 of 1st period - Backhand shot by Nick Foligno.
1:20 of 1st period - Shot Blocked by Kyle Wharton.
1:22 of 1st period - Slapshot by Brock Bradford.
1:22 of 1st period - Shot Misses the Net.
1:24 of 1st period - Slapshot by Ville Koistinen.
1:24 of 1st period - Stopped by Antero Niittymaki with a rebound.
1:38 of 1st period - Ville Koistinen is hit by Kyle Wharton.
1:39 of 1st period - Icing by Ville Koistinen.
1:40 of 1st period - Byron Ritchie wins face-off versus Brad Richardson in Gangsters zone.
2:05 of 1st period - Josh Gorges is hit by Robert Bortuzzo and loses puck.
3:27 of 1st period - Off-side.
3:28 of 1st period - Ryan Craig wins face-off versus Artem Anisimov in neutral zone.
3:43 of 1st period - Snap shot by Ryan Craig.
3:43 of 1st period - Shot Blocked by Staffan Kronwall.
4:00 of 1st period - Off-side.
4:01 of 1st period - James Sheppard wins face-off versus Alexandre Bolduc in neutral zone.
4:14 of 1st period - Slapshot by Anton Babchuk.
4:14 of 1st period - Shot Misses the Net.
4:52 of 1st period - Snap shot by Igor Radulov.
4:52 of 1st period - Goal by Igor Radulov - Demolitions : 0 - Gangsters : 1.
4:53 of 1st period - Byron Ritchie wins face-off versus Brad Richardson in neutral zone.
4:58 of 1st period - Wrist shot by Jaroslav Balastik.
4:58 of 1st period - Stopped by Antero Niittymaki with a rebound.
5:06 of 1st period - Wrist shot by Jaroslav Balastik.
5:06 of 1st period - Shot Misses the Net.
5:08 of 1st period - Wrist shot by Byron Ritchie.
5:08 of 1st period - Stopped by Antero Niittymaki without a rebound.
5:09 of 1st period - Artem Anisimov wins face-off versus Ryan Craig in Demolitions zone.
5:20 of 1st period - Slapshot by Ryan Keller.
5:20 of 1st period - Shot Blocked by Janne Niskala.
5:24 of 1st period - Slapshot by Chris Bourque.
5:24 of 1st period - Shot Misses the Net.
5:34 of 1st period - Jim Vandermeer is hit by Jeremy Williams and loses puck.
6:20 of 1st period - Off-side.
6:21 of 1st period - James Sheppard wins face-off versus Byron Ritchie in neutral zone.
6:27 of 1st period - Icing by Staffan Kronwall.
6:28 of 1st period - Brad Richardson wins face-off versus Byron Ritchie in Gangsters zone.
6:33 of 1st period - Wrist shot by Troy Brouwer.
6:33 of 1st period - Shot Blocked by Staffan Kronwall.
6:55 of 1st period - Staffan Kronwall is hit by Dennis Seidenberg and loses puck.
7:06 of 1st period - Cory Murphy is hit by Masi Marjamaki and loses puck.
8:02 of 1st period - Slapshot by Janne Niskala.
8:02 of 1st period - Stopped by Steve Valiquette with a rebound.
8:04 of 1st period - Wrist shot by Dennis Seidenberg.
8:04 of 1st period - Shot Blocked by Alexei Emelin.
8:36 of 1st period - Matt Read is hit by Vince Rocco and loses puck.
9:56 of 1st period - Off-side.
9:57 of 1st period - Byron Ritchie wins face-off versus Brad Richardson in neutral zone.
10:51 of 1st period - Byron Ritchie is hit by Brad Richardson and loses puck.
10:56 of 1st period - Wrist shot by Jeremy Williams.
10:56 of 1st period - Shot Misses the Net.
10:58 of 1st period - Snap shot by Brad Richardson.
10:58 of 1st period - Stopped by Steve Valiquette with a rebound.
11:00 of 1st period - Slapshot by Troy Brouwer.
11:00 of 1st period - Shot Blocked by Josh Gorges.
11:02 of 1st period - Slapshot by Jeremy Williams.
11:02 of 1st period - Shot Misses the Net.
11:04 of 1st period - Slapshot by Brad Richardson.
11:04 of 1st period - Stopped by Steve Valiquette without a rebound.
11:05 of 1st period - Ryan Craig wins face-off versus Alexandre Bolduc in Gangsters zone.
11:12 of 1st period - Snap shot by Ryan Craig.
11:12 of 1st period - Stopped by Steve Valiquette without a rebound.
11:13 of 1st period - Alexandre Bolduc wins face-off versus Ryan Craig in Gangsters zone.
11:20 of 1st period - Snap shot by Ryan Craig.
11:20 of 1st period - Stopped by Steve Valiquette with a rebound.
11:22 of 1st period - Backhand shot by Masi Marjamaki.
11:22 of 1st period - Shot Hit the Post.
12:01 of 1st period - Minor Penalty to Ryan Jones for High sticking.
12:02 of 1st period - Byron Ritchie wins face-off versus Brad Richardson in Gangsters zone.
12:35 of 1st period - Snap shot by Anthony Stewart.
12:35 of 1st period - Shot Blocked by Tim Jackman.
13:31 of 1st period - Dennis Seidenberg is hit by Tim Jackman.
14:01 of 1st period - Penalty to Ryan Jones is over, Ryan Jones is back on ice.
15:17 of 1st period - Snap shot by Jaroslav Balastik.
15:17 of 1st period - Shot Misses the Net.
15:28 of 1st period - Icing by Jeremy Williams.
15:29 of 1st period - Ryan Craig wins face-off versus Brock Bradford in Demolitions zone.
15:36 of 1st period - Snap shot by Anthony Stewart.
15:36 of 1st period - Shot Misses the Net.
15:38 of 1st period - Backhand shot by Anthony Stewart.
15:38 of 1st period - Shot Misses the Net.
16:01 of 1st period - Wrist shot by Tim Jackman.
16:01 of 1st period - Stopped by Antero Niittymaki without a rebound.
16:02 of 1st period - Jaroslav Balastik wins face-off versus Brad Richardson in Demolitions zone.
16:13 of 1st period - Wrist shot by Troy Brouwer.
16:13 of 1st period - Deflect By Brad Richardson.
16:13 of 1st period - Stopped by Steve Valiquette with a rebound.
16:29 of 1st period - Anssi Salmela is hit by Matt Read and loses puck.
16:59 of 1st period - Snap shot by Chris Bourque.
16:59 of 1st period - Stopped by Antero Niittymaki with a rebound.
17:11 of 1st period - Snap shot by James Sheppard.
17:11 of 1st period - Shot Misses the Net.
17:13 of 1st period - Snap shot by Brandon Bochenski.
17:13 of 1st period - Stopped by Steve Valiquette with a rebound.
17:15 of 1st period - Slapshot by Taylor Chorney.
17:15 of 1st period - Stopped by Steve Valiquette with a rebound.
17:17 of 1st period - Snap shot by Robert Klinkhammer.
17:17 of 1st period - Stopped by Steve Valiquette without a rebound.
17:18 of 1st period - Byron Ritchie wins face-off versus Brad Richardson in Gangsters zone.
17:20 of 1st period - Icing by Jaroslav Balastik.
17:21 of 1st period - Byron Ritchie wins face-off versus Brad Richardson in Gangsters zone.
17:34 of 1st period - Jaroslav Balastik is hit by Dennis Seidenberg and loses puck.
18:26 of 1st period - Wrist shot by Ryan Craig.
18:26 of 1st period - Stopped by Steve Valiquette with a rebound.
18:28 of 1st period - Wrist shot by Ryan Craig.
18:28 of 1st period - Stopped by Steve Valiquette without a rebound.
18:29 of 1st period - Brad Richardson wins face-off versus Tim Jackman in Gangsters zone.
19:49 of 1st period - Minor Penalty to Masi Marjamaki for Tripping.
19:50 of 1st period - Byron Ritchie wins face-off versus Brad Richardson in Demolitions zone.
2nd period
0:01 of 2nd period - Brad Richardson wins face-off versus Byron Ritchie in neutral zone.
0:14 of 2nd period - Snap shot by Cory Murphy.
0:14 of 2nd period - Stopped by Antero Niittymaki without a rebound.
0:15 of 2nd period - Byron Ritchie wins face-off versus Brad Richardson in Demolitions zone.
0:20 of 2nd period - Slapshot by Cory Murphy.
0:20 of 2nd period - Deflect By Jaroslav Balastik.
0:20 of 2nd period - Stopped by Antero Niittymaki with a rebound.
0:22 of 2nd period - Backhand shot by Byron Ritchie.
0:22 of 2nd period - Stopped by Antero Niittymaki with a rebound.
0:24 of 2nd period - Snap shot by Tim Jackman.
0:24 of 2nd period - Goal by Tim Jackman - Demolitions : 0 - Gangsters : 2.
0:25 of 2nd period - Jaroslav Balastik wins face-off versus Brad Richardson in neutral zone.
0:29 of 2nd period - Minor Penalty to Troy Brouwer for Hooking.
0:30 of 2nd period - Brad Richardson wins face-off versus Byron Ritchie in Demolitions zone.
0:45 of 2nd period - Snap shot by Byron Ritchie.
0:45 of 2nd period - Stopped by Antero Niittymaki without a rebound.
0:46 of 2nd period - Byron Ritchie wins face-off versus Brad Richardson in Demolitions zone.
0:51 of 2nd period - Snap shot by Tim Jackman.
0:51 of 2nd period - Goal by Tim Jackman - Demolitions : 0 - Gangsters : 3.
0:52 of 2nd period - Jaroslav Balastik wins face-off versus Brad Richardson in neutral zone.
0:52 of 2nd period - Byron Ritchie is hit by Brad Richardson and loses puck.
1:55 of 2nd period - Off-side.
1:56 of 2nd period - Vince Rocco wins face-off versus Brock Bradford in neutral zone.
2:09 of 2nd period - Snap shot by Marc-André Bernier.
2:09 of 2nd period - Shot Misses the Net.
2:15 of 2nd period - Anton Babchuk is hit by Josh Gorges and loses puck.
2:34 of 2nd period - Slapshot by Anton Babchuk.
2:34 of 2nd period - Shot Blocked by Ryan Jones.
2:40 of 2nd period - Slapshot by Ryan Jones.
2:40 of 2nd period - Shot Misses the Net.
2:42 of 2nd period - Wrist shot by Ryan Jones.
2:42 of 2nd period - Stopped by Antero Niittymaki with a rebound.
2:44 of 2nd period - Snap shot by Ryan Jones.
2:44 of 2nd period - Goal by Ryan Jones - Demolitions : 0 - Gangsters : 4.
2:44 of 2nd period - Sergei Bobrovsky enters game.
2:45 of 2nd period - Brad Richardson wins face-off versus Byron Ritchie in neutral zone.
2:48 of 2nd period - Snap shot by Janne Niskala.
2:48 of 2nd period - Stopped by Steve Valiquette with a rebound.
2:50 of 2nd period - Snap shot by Brad Richardson.
2:50 of 2nd period - Shot Blocked by Josh Gorges.
2:52 of 2nd period - Wrist shot by Jeremy Williams.
2:52 of 2nd period - Shot Blocked by Jaroslav Balastik.
2:56 of 2nd period - Slapshot by Jeremy Williams.
2:56 of 2nd period - Shot Blocked by Josh Gorges.
3:12 of 2nd period - Minor Penalty to Dennis Seidenberg for Interference.
3:13 of 2nd period - Byron Ritchie wins face-off versus Jeremy Williams in Demolitions zone.
4:00 of 2nd period - Off-side.
4:01 of 2nd period - Anthony Stewart wins face-off versus Tim Jackman in neutral zone.
4:04 of 2nd period - Snap shot by Ryan Craig.
4:04 of 2nd period - Deflect By Anthony Stewart.
4:04 of 2nd period - Shot Blocked by Staffan Kronwall.
4:04 of 2nd period - Puck is out of play.
4:05 of 2nd period - Anthony Stewart wins face-off versus Byron Ritchie in Gangsters zone.
4:24 of 2nd period - Snap shot by Tim Jackman.
4:24 of 2nd period - Shot Misses the Net.
4:26 of 2nd period - Slapshot by Jaroslav Balastik.
4:26 of 2nd period - Deflect By Janne Niskala.
4:26 of 2nd period - Stopped by Sergei Bobrovsky without a rebound.
4:27 of 2nd period - Brad Richardson wins face-off versus Alexandre Bolduc in Demolitions zone.
4:34 of 2nd period - Cory Murphy is hit by Janne Niskala and loses puck.
5:12 of 2nd period - Penalty to Dennis Seidenberg is over, Dennis Seidenberg is back on ice.
5:22 of 2nd period - Snap shot by Jeremy Williams.
5:22 of 2nd period - Shot Blocked by Staffan Kronwall.
5:24 of 2nd period - Slapshot by Brandon Bochenski.
5:24 of 2nd period - Shot Blocked by Mike Commodore.
5:26 of 2nd period - Slapshot by Taylor Chorney.
5:26 of 2nd period - Stopped by Steve Valiquette without a rebound.
5:27 of 2nd period - Tim Jackman wins face-off versus James Sheppard in Gangsters zone.
5:43 of 2nd period - Wrist shot by Tim Jackman.
5:43 of 2nd period - Goal by Tim Jackman - Demolitions : 0 - Gangsters : 5.
5:44 of 2nd period - Brad Richardson wins face-off versus Tim Jackman in neutral zone.
6:19 of 2nd period - Wrist shot by Anthony Stewart.
6:19 of 2nd period - Shot Misses the Net.
6:28 of 2nd period - Off-side.
6:29 of 2nd period - Artem Anisimov wins face-off versus James Sheppard in neutral zone.
6:36 of 2nd period - Wrist shot by Chris Bourque.
6:36 of 2nd period - Goal by Chris Bourque - Demolitions : 0 - Gangsters : 6.
6:37 of 2nd period - Brad Richardson wins face-off versus Byron Ritchie in neutral zone.
6:39 of 2nd period - Minor Penalty to Tim Jackman for Cross-checking.
6:40 of 2nd period - Byron Ritchie wins face-off versus Brad Richardson in Gangsters zone.
6:40 of 2nd period - Byron Ritchie is hit by Jeremy Williams.
6:46 of 2nd period - Snap shot by Brad Richardson.
6:46 of 2nd period - Stopped by Steve Valiquette without a rebound.
6:46 of 2nd period - Minor Penalty to Troy Brouwer for Roughing.
6:47 of 2nd period - Brad Richardson wins face-off versus Byron Ritchie in Demolitions zone.
6:56 of 2nd period - Slapshot by Dennis Seidenberg.
6:56 of 2nd period - Shot Blocked by Josh Gorges.
7:30 of 2nd period - Wrist shot by Anthony Stewart.
7:30 of 2nd period - Shot Misses the Net.
8:13 of 2nd period - Josh Gorges is hit by Dennis Seidenberg and loses puck.
8:39 of 2nd period - Penalty to Tim Jackman is over, Tim Jackman is back on ice.
8:46 of 2nd period - Penalty to Troy Brouwer is over, Troy Brouwer is back on ice.
8:47 of 2nd period - Snap shot by Alexandre Bolduc.
8:47 of 2nd period - Shot Misses the Net.
9:03 of 2nd period - Slapshot by Janne Niskala.
9:03 of 2nd period - Deflect By Chris Bourque.
9:03 of 2nd period - Stopped by Steve Valiquette without a rebound.
9:04 of 2nd period - Ryan Craig wins face-off versus Brock Bradford in Gangsters zone.
9:19 of 2nd period - Wrist shot by Ryan Jones.
9:19 of 2nd period - Stopped by Sergei Bobrovsky without a rebound.
9:20 of 2nd period - James Sheppard wins face-off versus Jaroslav Balastik in Demolitions zone.
9:35 of 2nd period - Snap shot by Jaroslav Balastik.
9:35 of 2nd period - Stopped by Sergei Bobrovsky with a rebound.
9:47 of 2nd period - Brad Richardson is hit by Alexandre Bolduc and loses puck.
9:52 of 2nd period - Snap shot by Igor Radulov.
9:52 of 2nd period - Stopped by Sergei Bobrovsky with a rebound.
10:15 of 2nd period - Icing by Ryan Keller.
10:16 of 2nd period - Artem Anisimov wins face-off versus Ryan Craig in Gangsters zone.
10:16 of 2nd period - Artem Anisimov is hit by Anthony Stewart.
10:36 of 2nd period - Minor Penalty to Chris Bourque for Diving.
10:37 of 2nd period - Brad Richardson wins face-off versus Byron Ritchie in Gangsters zone.
10:40 of 2nd period - Snap shot by Brad Richardson.
10:40 of 2nd period - Shot Misses the Net.
11:51 of 2nd period - Snap shot by Jeremy Williams.
11:51 of 2nd period - Stopped by Steve Valiquette with a rebound.
11:53 of 2nd period - Wrist shot by Troy Brouwer.
11:53 of 2nd period - Stopped by Steve Valiquette with a rebound.
11:55 of 2nd period - Wrist shot by Troy Brouwer.
11:55 of 2nd period - Goal by Troy Brouwer - Demolitions : 1 - Gangsters : 6.
11:56 of 2nd period - Alexandre Bolduc wins face-off versus Ryan Craig in neutral zone.
12:26 of 2nd period - Wrist shot by Anthony Stewart.
12:26 of 2nd period - Shot Misses the Net.
12:46 of 2nd period - Mike Commodore is hit by Brandon Bochenski and loses puck.
13:28 of 2nd period - Wrist shot by Nick Foligno.
13:28 of 2nd period - Stopped by Sergei Bobrovsky with a rebound.
14:54 of 2nd period - Chris Bourque is hit by Anssi Salmela and loses puck.
15:09 of 2nd period - Wrist shot by Jaroslav Balastik.
15:09 of 2nd period - Goal by Jaroslav Balastik - Demolitions : 1 - Gangsters : 7.
15:10 of 2nd period - Byron Ritchie wins face-off versus Brad Richardson in neutral zone.
15:22 of 2nd period - Snap shot by Jeremy Williams.
15:22 of 2nd period - Stopped by Steve Valiquette without a rebound.
15:23 of 2nd period - Byron Ritchie wins face-off versus Brad Richardson in Gangsters zone.
15:59 of 2nd period - Wrist shot by Ryan Craig.
15:59 of 2nd period - Shot Blocked by Cory Murphy.
16:10 of 2nd period - Snap shot by Ryan Keller.
16:10 of 2nd period - Shot Misses the Net.
16:12 of 2nd period - Wrist shot by Chris Bourque.
16:12 of 2nd period - Goal by Chris Bourque - Demolitions : 1 - Gangsters : 8.
16:12 of 2nd period - Antero Niittymaki enters game.
16:13 of 2nd period - Brad Richardson wins face-off versus Byron Ritchie in neutral zone.
16:38 of 2nd period - Masi Marjamaki is hit by Matt Read and loses puck.
17:20 of 2nd period - Slapshot by Taylor Chorney.
17:20 of 2nd period - Shot Blocked by Nick Foligno.
17:26 of 2nd period - Wrist shot by Brad Richardson.
17:26 of 2nd period - Shot Misses the Net.
17:30 of 2nd period - Snap shot by Troy Brouwer.
17:30 of 2nd period - Stopped by Steve Valiquette without a rebound.
17:31 of 2nd period - Anthony Stewart wins face-off versus Byron Ritchie in Gangsters zone.
17:38 of 2nd period - Snap shot by Byron Ritchie.
17:38 of 2nd period - Stopped by Antero Niittymaki with a rebound.
17:40 of 2nd period - Slapshot by Josh Gorges.
17:40 of 2nd period - Stopped by Antero Niittymaki with a rebound.
17:42 of 2nd period - Snap shot by Byron Ritchie.
17:42 of 2nd period - Stopped by Antero Niittymaki without a rebound.
17:43 of 2nd period - Brad Richardson wins face-off versus Byron Ritchie in Demolitions zone.
17:52 of 2nd period - Snap shot by Brad Richardson.
17:52 of 2nd period - Deflect By Jeremy Williams.
17:52 of 2nd period - Shot Blocked by Cory Murphy.
17:52 of 2nd period - Puck is out of play.
17:53 of 2nd period - Byron Ritchie wins face-off versus Brad Richardson in Gangsters zone.
17:53 of 2nd period - Byron Ritchie is hit by Dennis Seidenberg.
17:58 of 2nd period - Minor Penalty to Janne Niskala for Diving.
17:59 of 2nd period - Brad Richardson wins face-off versus Byron Ritchie in Demolitions zone.
18:12 of 2nd period - Wrist shot by Jaroslav Balastik.
18:12 of 2nd period - Stopped by Antero Niittymaki without a rebound.
18:13 of 2nd period - Brad Richardson wins face-off versus Byron Ritchie in Demolitions zone.
18:21 of 2nd period - Off-side.
18:22 of 2nd period - Byron Ritchie wins face-off versus Brad Richardson in neutral zone.
18:47 of 2nd period - Wrist shot by Tim Jackman.
18:47 of 2nd period - Shot Misses the Net.
18:49 of 2nd period - Slapshot by Josh Gorges.
18:49 of 2nd period - Stopped by Antero Niittymaki with a rebound.
18:51 of 2nd period - Wrist shot by Josh Gorges.
18:51 of 2nd period - Deflect By Igor Radulov.
18:51 of 2nd period - Deflect By Jeremy Williams.
18:51 of 2nd period - Stopped by Antero Niittymaki without a rebound.
18:52 of 2nd period - Alexandre Bolduc wins face-off versus Brad Richardson in Demolitions zone.
18:59 of 2nd period - Snap shot by Alexandre Bolduc.
18:59 of 2nd period - Shot Misses the Net.
19:01 of 2nd period - Slapshot by Staffan Kronwall.
19:01 of 2nd period - Stopped by Antero Niittymaki with a rebound.
19:03 of 2nd period - Snap shot by Matt Read.
19:03 of 2nd period - Shot Misses the Net.
19:17 of 2nd period - Anthony Stewart is hit by Staffan Kronwall and loses puck.
19:58 of 2nd period - Penalty to Janne Niskala is over, Janne Niskala is back on ice.
3rd period
0:01 of 3rd period - Brad Richardson wins face-off versus Byron Ritchie in neutral zone.
0:31 of 3rd period - Slapshot by Cory Murphy.
0:31 of 3rd period - Shot Blocked by Anton Babchuk.
1:10 of 3rd period - Nick Foligno is hit by Marc-André Bernier and loses puck.
1:47 of 3rd period - Slapshot by Dennis Seidenberg.
1:47 of 3rd period - Deflect By Anthony Stewart.
1:47 of 3rd period - Shot Blocked by Staffan Kronwall.
1:47 of 3rd period - Puck is out of play.
1:48 of 3rd period - Alexandre Bolduc wins face-off versus Ryan Craig in Gangsters zone.
2:47 of 3rd period - Slapshot by Igor Radulov.
2:47 of 3rd period - Stopped by Antero Niittymaki with a rebound.
2:49 of 3rd period - Slapshot by Alexei Emelin.
2:49 of 3rd period - Stopped by Antero Niittymaki with a rebound.
3:11 of 3rd period - Wrist shot by Igor Radulov.
3:11 of 3rd period - Stopped by Antero Niittymaki with a rebound.
3:13 of 3rd period - Snap shot by Matt Read.
3:13 of 3rd period - Shot Misses the Net.
3:49 of 3rd period - Wrist shot by Igor Radulov.
3:49 of 3rd period - Shot Blocked by Ryan Craig.
3:51 of 3rd period - Slapshot by Alexei Emelin.
3:51 of 3rd period - Shot Blocked by Janne Niskala.
3:53 of 3rd period - Slapshot by Ville Koistinen.
3:53 of 3rd period - Shot Blocked by Janne Niskala.
3:55 of 3rd period - Slapshot by Ville Koistinen.
3:55 of 3rd period - Shot Misses the Net.
3:57 of 3rd period - Slapshot by Ville Koistinen.
3:57 of 3rd period - Deflect By Matt Read.
3:57 of 3rd period - Shot Blocked by Janne Niskala.
3:57 of 3rd period - Puck is out of play.
3:58 of 3rd period - Byron Ritchie wins face-off versus Brad Richardson in Demolitions zone.
4:23 of 3rd period - Jeremy Williams is hit by Nick Foligno and loses puck.
4:29 of 3rd period - Off-side.
4:30 of 3rd period - Brock Bradford wins face-off versus James Sheppard in neutral zone.
5:13 of 3rd period - Snap shot by Ryan Jones.
5:13 of 3rd period - Deflect By Brock Bradford.
5:13 of 3rd period - Stopped by Antero Niittymaki with a rebound.
5:15 of 3rd period - Snap shot by Nick Foligno.
5:15 of 3rd period - Shot Blocked by Kyle Wharton.
5:17 of 3rd period - Slapshot by Mike Commodore.
5:17 of 3rd period - Deflect By Ryan Jones.
5:17 of 3rd period - Shot Blocked by Kyle Wharton.
5:17 of 3rd period - Puck is out of play.
5:18 of 3rd period - Byron Ritchie wins face-off versus Brad Richardson in Demolitions zone.
5:44 of 3rd period - Tim Jackman is hit by Josh Beaulieu and loses puck.
7:05 of 3rd period - Slapshot by Taylor Chorney.
7:05 of 3rd period - Shot Blocked by Jim Vandermeer.
7:53 of 3rd period - Slapshot by Alexandre Bolduc.
7:53 of 3rd period - Stopped by Antero Niittymaki with a rebound.
7:55 of 3rd period - Snap shot by Ryan Keller.
7:55 of 3rd period - Shot Blocked by Kyle Wharton.
8:29 of 3rd period - Slapshot by Cory Murphy.
8:29 of 3rd period - Deflect By Brock Bradford.
8:29 of 3rd period - Shot Misses the Net.
8:29 of 3rd period - Puck is out of play.
8:30 of 3rd period - Marc-André Bernier wins face-off versus Artem Anisimov in Demolitions zone.
8:39 of 3rd period - Slapshot by Janne Niskala.
8:39 of 3rd period - Shot Misses the Net.
9:01 of 3rd period - Slapshot by Janne Niskala.
9:01 of 3rd period - Shot Blocked by Matt Read.
9:23 of 3rd period - Slapshot by Ryan Jones.
9:23 of 3rd period - Stopped by Antero Niittymaki without a rebound.
9:24 of 3rd period - Artem Anisimov wins face-off versus Brad Richardson in Demolitions zone.
9:39 of 3rd period - Slapshot by Brad Richardson.
9:39 of 3rd period - Stopped by Steve Valiquette with a rebound.
12:06 of 3rd period - Staffan Kronwall is hit by James Sheppard and loses puck.
13:37 of 3rd period - Snap shot by Ryan Keller.
13:37 of 3rd period - Shot Misses the Net.
13:39 of 3rd period - Wrist shot by Ryan Keller.
13:39 of 3rd period - Stopped by Antero Niittymaki without a rebound.
13:40 of 3rd period - Byron Ritchie wins face-off versus Brad Richardson in Demolitions zone.
13:45 of 3rd period - Snap shot by Tim Jackman.
13:45 of 3rd period - Stopped by Antero Niittymaki without a rebound.
13:46 of 3rd period - Byron Ritchie wins face-off versus Brad Richardson in Demolitions zone.
14:37 of 3rd period - Snap shot by Mike Commodore.
14:37 of 3rd period - Deflect By Ryan Jones.
14:37 of 3rd period - Shot Blocked by Dennis Seidenberg.
14:37 of 3rd period - Puck is out of play.
14:38 of 3rd period - Ryan Craig wins face-off versus Brock Bradford in Demolitions zone.
15:25 of 3rd period - Wrist shot by Chris Bourque.
15:25 of 3rd period - Stopped by Antero Niittymaki without a rebound.
15:26 of 3rd period - Ryan Craig wins face-off versus Artem Anisimov in Demolitions zone.
15:51 of 3rd period - Backhand shot by Jaroslav Balastik.
15:51 of 3rd period - Shot Misses the Net.
15:53 of 3rd period - Snap shot by Jaroslav Balastik.
15:53 of 3rd period - Shot Misses the Net.
15:55 of 3rd period - Slapshot by Cory Murphy.
15:55 of 3rd period - Stopped by Antero Niittymaki with a rebound.
15:57 of 3rd period - Snap shot by Tim Jackman.
15:57 of 3rd period - Shot Blocked by Dennis Seidenberg.
15:59 of 3rd period - Wrist shot by Josh Gorges.
15:59 of 3rd period - Deflect By Janne Niskala.
15:59 of 3rd period - Stopped by Antero Niittymaki with a rebound.
16:13 of 3rd period - Dennis Seidenberg is hit by Matt Read and loses puck.
16:30 of 3rd period - Slapshot by Dennis Seidenberg.
16:30 of 3rd period - Deflect By Josh Beaulieu.
16:30 of 3rd period - Shot Blocked by Brock Bradford.
16:30 of 3rd period - Puck is out of play.
16:31 of 3rd period - Brock Bradford wins face-off versus Vince Rocco in Gangsters zone.
16:31 of 3rd period - Brock Bradford is hit by Marc-André Bernier.
17:15 of 3rd period - Wrist shot by Brandon Bochenski.
17:15 of 3rd period - Stopped by Steve Valiquette without a rebound.
17:16 of 3rd period - Alexandre Bolduc wins face-off versus Robert Klinkhammer in Gangsters zone.
17:55 of 3rd period - Snap shot by Tim Jackman.
17:55 of 3rd period - Stopped by Antero Niittymaki with a rebound.
18:05 of 3rd period - Alexei Emelin is hit by Taylor Chorney.
18:06 of 3rd period - Icing by Alexei Emelin.
18:07 of 3rd period - Ryan Craig wins face-off versus Artem Anisimov in Gangsters zone.
18:12 of 3rd period - Snap shot by Ryan Craig.
18:12 of 3rd period - Shot Misses the Net.
18:14 of 3rd period - Snap shot by Janne Niskala.
18:14 of 3rd period - Shot Blocked by Ryan Keller.
18:16 of 3rd period - Wrist shot by Masi Marjamaki.
18:16 of 3rd period - Stopped by Steve Valiquette with a rebound.
18:18 of 3rd period - Snap shot by Anthony Stewart.
18:18 of 3rd period - Stopped by Steve Valiquette with a rebound.
18:20 of 3rd period - Slapshot by Janne Niskala.
18:20 of 3rd period - Shot Misses the Net.
18:22 of 3rd period - Slapshot by Dennis Seidenberg.
18:22 of 3rd period - Stopped by Steve Valiquette without a rebound.
18:23 of 3rd period - Brad Richardson wins face-off versus Byron Ritchie in Gangsters zone.
18:30 of 3rd period - Slapshot by Brad Richardson.
18:30 of 3rd period - Stopped by Steve Valiquette without a rebound.
18:31 of 3rd period - Brad Richardson wins face-off versus Byron Ritchie in Gangsters zone.
18:34 of 3rd period - Snap shot by Jeremy Williams.
18:34 of 3rd period - Stopped by Steve Valiquette without a rebound.
18:35 of 3rd period - Brad Richardson wins face-off versus Byron Ritchie in Gangsters zone.
19:23 of 3rd period - Off-side.
19:24 of 3rd period - Byron Ritchie wins face-off versus Robert Klinkhammer in neutral zone.
19:41 of 3rd period - Off-side.
19:42 of 3rd period - Brad Richardson wins face-off versus Alexandre Bolduc in neutral zone.
Output by the SimonT Hockey Simulator (STHS) for François Prévost -- Original Page W3C XHTML 1.0 Valid